 Dungeon Crawl Stone Soup version 0.27.1 (webtiles) character file.

Game seed: 4480758794074243684

4084 Destapler the Fighter (level 10, -6/89 HPs)
             Began as a Minotaur Monk on Aug 31, 2021.
             Was a Follower of Ru.
             Mangled by a black mamba (10 damage)
             ... on level 1 of the Lair of Beasts.
             The game lasted 00:20:17 (9425 turns).

Destapler the Fighter (Minotaur Monk)               Turns: 9425, Time: 00:20:18

Health: -6/89      AC:  5    Str: 17    XL:     10   Next: 5%
Magic:  9/9        EV: 14    Int:  7    God:    Ru [*.....]
Gold:   642        SH:  0    Dex: 13    Spells: 9/9 levels left

rFire    + . .     SeeInvis .   d - +2 whip (elec)
rCold    . . .     Faith    .   (no shield)
rNeg     . . .     Spirit   .   e - +0 troll leather armour {Purgy}
rPois    .         Reflect  .   (helmet restricted)
rElec    .         Harm     .   A - scarf {+Inv}
rCorr    .         Rampage  .   (no gloves)
Will     .....                  (no boots)
Stlth    ++........             (no amulet)
HPRegen  1.24/turn              h - ring of protection from fire
MPRegen  0.11/turn              (no ring)

@: no status effects
A: horns 2, clumsy 1, no fire magic, no hexes magic, no translocations magic,
retaliatory headbutt
a: Renounce Religion, Evoke Invisibility


You were on level 1 of the Lair of Beasts.
You worshipped Ru.
Ru was aware of your devotion.
You visited 3 branches of the dungeon, and saw 10 of its levels.
You also visited: Sewer.

You collected 642 gold pieces.

Inventory:

Hand Weapons
 a - a +0 spear
 d - a +2 whip of electrocution (weapon)
Missiles
 m - 12 poisoned darts (quivered)
 s - 9 boomerangs
 u - 6 javelins
 x - 6 curare-tipped darts
Armour
 b - a +0 robe
 e - a +0 troll leather armour (worn) {Purgy}
 f - a +0 ring mail
 g - a +0 cloak
 A - a scarf of invisibility (worn)
Jewellery
 h - a ring of protection from fire (left hand)
 w - an amulet of faith
Wands
 q - a wand of polymorph (11)
 y - a wand of mindburst (12)
Scrolls
 c - 6 scrolls of teleportation
 i - 2 scrolls of immolation
 j - a scroll of summoning {unknown}
 k - 6 scrolls of identify {unknown}
 v - a scroll of vulnerability {unknown}
 B - a scroll of amnesia {unknown}
 C - a scroll of magic mapping
Potions
 n - 3 potions of brilliance {unknown}
 o - a potion of flight
 p - 2 potions of magic
 r - 2 potions of resistance {unknown}
 t - a potion of heal wounds
 z - 2 potions of lignification


   Skills:
 + Level 8.3 Fighting
 - Level 7.3 Maces & Flails
 - Level 6.1 Polearms
 * Level 5.1 Throwing
 - Level 6.0 Armour
 - Level 6.0 Dodging
 - Level 1.5 Stealth
 + Level 6.0 Shields
 * Level 3.2 Evocations


You had 9 spell levels left.
You didn't know any spells.
Your spell library contained the following spells:

 Spells                   Type           Power      Damage    Failure   Level
 Static Discharge         Conj/Air       0%         N/A       63%         2
 Dispel Undead            Necr           0%         3d6       99%         4
 Sticky Flame             Conj/Fire      Unusable   2d3       N/A         4

Dungeon Overview and Level Annotations

Branches:
Dungeon (8/15)             Temple (1/1) D:5            Lair (1/6) D:8
  Sewer (visited)

Altars:
Ashenzari
Cheibriados
Elyvilon
Fedhas
Gozag
Hepliaklqana
Kikubaaqudgha
Makhleb
Nemelex Xobeh
Okawaru
Qazlal
Ru
Sif Muna
Trog
Uskayaw
Vehumet
Wu Jian
Xom
Yredelemnul
The Shining One

Shops:
D:8 (


Innate Abilities, Weirdness & Mutations

You have a pair of horns on your head.
You are clumsy. (Dex -2)
You cannot study or cast Fire magic.
You cannot study or cast Hexes magic.
You cannot study or cast Translocations magic.
You reflexively headbutt those who attack you in melee.


Message History

You feel better. The black mamba bites you!
* * * LOW HITPOINT WARNING * * *
You closely miss the black mamba. You headbutt the black mamba.
The black mamba is moderately wounded.
The black mamba completely misses you. The black mamba bites you!
* * * LOW HITPOINT WARNING * * *
You hit the black mamba but do no damage.
The black mamba is moderately wounded.
The black mamba bites you!
* * * LOW HITPOINT WARNING * * *
You are lethally poisoned!
The black mamba poisons you!
You are too injured to fight recklessly!
You are too injured to fight recklessly!
You are too injured to fight recklessly!
You barely miss the black mamba.
The black mamba is moderately wounded.
* * * LOW HITPOINT WARNING * * *
You feel very sick. The black mamba closely misses you.
You hit the black mamba. Your headbutt misses the black mamba.
The black mamba is heavily wounded.
* * * LOW HITPOINT WARNING * * *
You feel very sick. The black mamba barely misses you.
The black mamba bites you.
* * * LOW HITPOINT WARNING * * *
You are more poisoned.
The black mamba poisons you!
You feel better. The black mamba barely misses you. You furiously retaliate!
You headbutt the black mamba! You hit the black mamba.
You headbutt the black mamba, but do no damage.
The black mamba is severely wounded.
The black mamba bites you!
* * * LOW HITPOINT WARNING * * *
The black mamba is stunned by your conviction and fails to attack.
You completely miss the black mamba.
The black mamba is severely wounded.
The black mamba bites you!
You die...

... #...... ...
#.....# ....
#.....#
.....#.....#
.....+.....#
...........#
.....#.....#
#.S@...#
...........#
...............
................
...(............
...(............
................
.P###.....##+##.
#.


You could see a black mamba.

Vanquished Creatures
  A two-headed ogre (D:8)
  A cane toad (Lair:1)
  A komodo dragon (D:8)
  A hornet (D:7)
  A steam dragon (D:7)
  A water moccasin (D:8)
  An ice beast (D:8)
  An orc warrior (D:8)
  3 sky beasts
  Purgy (Sewer)
  2 ogres
  4 black bears
  A necrophage (D:8)
  2 centaurs
  3 bullfrogs
  2 kobold brigands (D:7)
  2 scorpions
  A water moccasin skeleton (D:4)
  2 hounds
  3 jellies
  A centaur skeleton (D:7)
  2 orc priests
  Crazy Yiuf (D:4)
  A gnoll shaman (D:5)
  An iguana (D:4)
  An orc wizard (D:7)
  Terence (D:2)
  A mummy (D:5)
  A howler monkey zombie (D:8)
  7 gnolls
  A howler monkey skeleton (D:7)
  6 adders
  A white imp (D:6)
  2 worms (D:6)
  A dart slug (D:4)
  22 orcs
  5 bats
  4 endoplasms
  6 giant cockroaches
  4 goblins
  3 hobgoblins
  7 jackals
  5 quokkas
  4 ball pythons
  3 frilled lizards
  2 hobgoblin zombies (D:5)
  15 kobolds
  A kobold zombie (D:5)
  An orc zombie (D:5)
  3 rats
147 creatures vanquished.

Vanquished Creatures (others)
  16 plants
16 creatures vanquished.

Grand Total: 163 creatures vanquished

Notes
Turn   | Place    | Note
-------+----------+-------------------------------------------
     0 | D:1      | Destapler the Minotaur Monk began the quest for the Orb.
     0 | D:1      | Reached XP level 1. HP: 19/19 MP: 0/0
   305 | D:1      | Reached XP level 2. HP: 27/27 MP: 1/1
   312 | D:1      | Reached skill level 4 in Fighting
   742 | D:2      | Reached XP level 3. HP: 25/33 MP: 2/2
   923 | D:2      | You fall into a shaft and drop 1 floor!
   944 | D:3      | Found a stormy altar of Qazlal.
  1010 | D:2      | Noticed Terence
  1026 | D:2      | Killed Terence
  1027 | D:2      | Reached skill level 1 in Armour
  1331 | D:2      | Reached XP level 4. HP: 39/41 MP: 3/3
  2154 | D:3      | Noticed a black bear
  2235 | D:3      | Killed a black bear
  2236 | D:3      | Reached XP level 5. HP: 47/47 MP: 4/4
  2600 | D:3      | Reached skill level 5 in Fighting
  2617 | D:3      | Reached skill level 5 in Polearms
  3253 | D:4      | Found a shimmering blue altar of Sif Muna.
  3266 | D:4      | Reached XP level 6. HP: 32/56 MP: 5/5
  3517 | D:4      | Found a runed translucent door.
  3518 | D:4      | Noticed Crazy Yiuf
  3891 | D:4      | Reached skill level 5 in Dodging
  4431 | D:4      | Killed Crazy Yiuf
  4686 | D:5      | Entered Level 5 of the Dungeon
  4966 | D:5      | Noticed a sky beast
  4991 | D:5      | Reached XP level 7. HP: 10/62 MP: 6/6
  5457 | D:5      | Found a staircase to the Ecumenical Temple.
  5469 | Temple   | Entered the Ecumenical Temple
  5530 | Temple   | Became a worshipper of Ru the Awakened
  5558 | Temple   | Gained mutation: You cannot study or cast Fire magic. [Ru
                  | sacrifice]
  5558 | Temple   | Gained mutation: You cannot study or cast Hexes magic. [Ru
                  | sacrifice]
  5558 | Temple   | Gained mutation: You cannot study or cast Translocations
                  | magic. [Ru sacrifice]
  5558 | Temple   | Reached * piety under Ru
  5665 | D:5      | Reached skill level 6 in Fighting
  6029 | D:5      | Reached skill level 1 in Maces & Flails
  6586 | D:6      | Found an iron altar of Okawaru.
  6627 | D:6      | Reached skill level 1 in Shields
  6653 | D:6      | Found a glowing drain.
  6657 | Sewer    | Entered a sewer
  6664 | Sewer    | Noticed Purgy
  6671 | Sewer    | Killed Purgy
  6943 | D:6      | Reached XP level 8. HP: 71/71 MP: 7/7
  7019 | D:6      | Reached skill level 5 in Armour
  7309 | D:6      | Reached skill level 7 in Fighting
  7565 | D:6      | Found a bloodstained altar of Trog.
  7803 | D:7      | Reached skill level 5 in Maces & Flails
  7868 | D:7      | Found a burning altar of Makhleb.
  7991 | D:7      | Found an ornate altar of the Wu Jian Council.
  8043 | D:7      | Gained mutation: You are clumsy. (Dex -2) [Ru sacrifice]
  8054 | D:7      | Noticed a hornet
  8058 | D:7      | Paralysed by a hornet for 3 turns
  8066 | D:7      | Killed a hornet
  8067 | D:7      | Reached skill level 1 in Throwing
  8067 | D:7      | Reached XP level 9. HP: 44/79 MP: 8/8
  8771 | D:8      | Reached skill level 5 in Shields
  8861 | D:8      | Found a staircase to the Lair.
  8862 | D:8      | Noticed a komodo dragon
  8892 | D:8      | Noticed a two-headed ogre
  8903 | D:8      | Killed a two-headed ogre
  8904 | D:8      | Reached skill level 8 in Fighting
  9039 | D:8      | Found Xoonony's Antique Weapon Shop.
  9324 | D:8      | Killed a komodo dragon
  9387 | Lair:1   | Entered Level 1 of the Lair of Beasts
  9407 | Lair:1   | Noticed a cane toad
  9407 | Lair:1   | Noticed a black mamba
  9413 | Lair:1   | Killed a cane toad
  9414 | Lair:1   | Reached skill level 5 in Throwing
  9414 | Lair:1   | Reached XP level 10. HP: 44/89 MP: 9/9
  9424 | Lair:1   | HP: 3/89 [black mamba (13)]
  9425 | Lair:1   | Mangled by a black mamba

Illustrated notes

Levels and vault maps discovered:
D:1:      nicolae_arrival_memento_mori, layout_basic
D:2:      layout_loops_corners, minmay_shallow_snake_nest, uniq_terence
D:3:      layout_basic, grunt_qazlal_clouds, minmay_misc_feat_rugged,
          minmay_crystal_water
D:4:      layout_rooms, amcnicky_altar_gilded, hex_medium,
          uniq_crazy_yiuf_cottage
D:5:      layout_basic, minmay_temple_entry_poolview, minmay_mini_ossuary
D:6:      layout_basic, mainiacjoe_overflow_alcove_1,
          mainiacjoe_overflow_tiny_flanked, serial_glass, glass_columns_a,
          glass_columns_c, gup_sewer_entry_spiral
D:7:      layout_basic, mainiacjoe_overflow_catwalk, overflow_temple_1_default
D:8:      layout_rooms, david_lair_shrubbed, serial_shops, nicolae_diamond_shop,
          hangedman_decor_peaks_small, st_stairs_14
Temple:   eino_temple_water
Lair:1:   wad_woods_minihive, layout_regular_city

Skill      XL: |  1  2  3  4  5  6  7  8  9 |
---------------+----------------------------+-----
Fighting       | 4 5 6 7 8 |  8.3
Polearms       | 4 5 6 |  6.1
Armour         | 1 2 3 4 6 |  6.0
Dodging        | 4 5 6 |  6.0
Maces & Flails | 2 6 7 |  7.3
Shields        | 1 4 6 |  6.0
Throwing       | 1 5 |  5.1
Evocations     | 3 |  3.2
Stealth        | |  1.5

Action                   |  1- 3 |  4- 6 |  7- 9 | 10-12 || total
-------------------------+-------+-------+-------+-------++-------
Melee: Spear             |    98 |   229 |    42 |       ||   369
       Headbutt          |    16 |    24 |    49 |     2 ||    91
       Whip              |       |       |   243 |     9 ||   252
Throw: Dart              |       |       |    33 |       ||    33
Invok: Sacrifice Arcana  |       |       |     1 |       ||     1
       Sacrifice Purity  |       |       |     1 |       ||     1
  Use: Potion            |       |     2 |     6 |     2 ||    10
       Scroll            |       |       |     4 |       ||     4
 Stab: Sleeping          |     2 |     4 |     5 |       ||    11
Armor: Robe              |     5 |       |       |       ||     5
       Ring mail         |    13 |    47 |    21 |       ||    81
       Skin              |       |       |    18 |       ||    18
       Troll leather arm |       |       |    30 |     1 ||    31
Dodge: Dodged            |    34 |    90 |   152 |     8 ||   284
